 Dungeon Crawl Stone Soup version 0.28-a0-1518-gbe868bca14 (webtiles) character file.

Game seed: 15660359208637290684

9 knot the Chopper (level 2, 23/24 HPs)
             Began as a Demonspawn Berserker on Jan 17, 2022.
             Was a Follower of Trog.
             Quit the game on level 1 of the Dungeon.
             The game lasted 00:00:16 (777 turns).

knot the Chopper (Demonspawn Berserker)              Turns: 777, Time: 00:00:17

Health: 23/24      AC:  2    Str: 17    XL:     2   Next: 3%
Magic:  2/2        EV: 12    Int:  8    God:    Trog [*.....]
Gold:   11         SH:  0    Dex: 12    Spells: 1/1 levels left

rFire   . . .      SeeInvis .   a - +0 hand axe
rCold   . . .      Faith    .   (no shield)
rNeg    . . .      Spirit   .   b - +0 animal skin
rPois   .          Reflect  .   (no helmet)
rElec   .          Harm     .   (no cloak)
rCorr   .          Rampage  .   (no gloves)
Will    .....                   (no boots)
Stlth   +.........              (no amulet)
HPRegen 0.08/turn               (no ring)
MPRegen 0.08/turn               (no ring)

@: no status effects
A: demonic guardian 1
a: Renounce Religion, Berserk


You were on level 1 of the Dungeon.
You worshipped Trog.
Trog was aware of your devotion.
You visited 1 branch of the dungeon, and saw 1 of its levels.

You collected 11 gold pieces.

Inventory:

Hand Weapons
 a - a +0 hand axe (weapon)
Missiles
 e - 5 poisoned darts (quivered)
Armour
 b - a +0 animal skin (worn)
Scrolls
 c - a scroll of torment {unknown}
 d - a scroll of identify {unknown}


   Skills:
 - Level 3.0 Fighting
 + Level 3.2 Axes
 - Level 1.7 Armour
 - Level 1.7 Dodging


You had one spell level left.
You didn't know any spells.
Your spell library was empty.

Dungeon Overview and Level Annotations

Branches:
Dungeon (1/15)

Altars:


Innate Abilities, Weirdness & Mutations

A weak demonic guardian rushes to your aid.


Message History

A goblin is nearby!
The goblin hits you with a +1 dagger of draining.
You feel drained.
A goblin is nearby!
You slash the goblin!
You kill the goblin!
Trog accepts your kill.
Your life force feels restored.
No target in view!
No target in view!
HP restored.
You see here a +1 dagger of draining.
You see here a +1 dagger of draining.
There is a stone staircase leading down here.
There is a stone staircase leading down here.
A ball python comes into view.
The ball python hisses angrily.
A ball python is nearby!
A ball python is nearby!
You hit the ball python.
You kill the ball python!
Trog accepts your kill.
No target in view!
No target in view!
No target in view!
You see here a ball python corpse.
An endoplasm comes into view.
An endoplasm is nearby!
You barely miss the endoplasm. The endoplasm misses you.
You completely miss the endoplasm. The endoplasm hits you.
You hit the endoplasm.
The endoplasm is almost dead.
The endoplasm closely misses you.
You hit the endoplasm.
You kill the endoplasm!
Trog accepts your kill.
You have reached level 2!
Your demonic ancestry asserts itself...
You feel the presence of a demonic guardian.
Are you sure you want to abandon this character and quit the game? (Confirm with "yes".)

#..........#
#####....###...
#...........
#######.#........ ##
#......†#........ ..#
#.##............. ...#
#.##.#.####...... ....#
#.........#..#####.....#
####.####.#.....@......#
###......#.######.....#
#...######.# .####
##...######.####### #
.........##........
.#.........########
####### .#.........#
#...... #.........#
#...... #.........# ##
#......


There were no monsters in sight!

Vanquished Creatures
  2 endoplasms (D:1)
  A giant cockroach (D:1)
  A goblin (D:1)
  A quokka (D:1)
  2 ball pythons (D:1)
  A rat (D:1)
8 creatures vanquished.

Vanquished Creatures (others)
  A plant (D:1)
1 creature vanquished.

Grand Total: 9 creatures vanquished

Notes
Turn   | Place    | Note
-------+----------+-------------------------------------------
     0 | D:1      | knot the Demonspawn Berserker began the quest for the Orb.
     0 | D:1      | Reached XP level 1. HP: 18/18 MP: 1/1
   777 | D:1      | Gained mutation: A weak demonic guardian rushes to your
                  | aid. [demonic ancestry]
   777 | D:1      | Reached XP level 2. HP: 23/24 MP: 2/2
   777 | D:1      | Quit the game

Illustrated notes

Levels and vault maps discovered:
D:1:      lightli_arrival_statuegarden, layout_basic,
          shapermc_ecumenical_altar_totnotflames

Skill      XL: |  1 |
---------------+----+-----
Axes           | 3 |  3.2
Fighting       | |  3.0
Armour         | |  1.7
Dodging        | |  1.7

Action                   || total
-------------------------++-------
Melee: Hand axe          ||    27
       Punch             ||     1
Armor: Animal skin       ||     2
Dodge: Dodged            ||    15

Table legend: (Time is in decaauts)
 A = Elapsed time spent in this place.
 B = Non-inter-level travel time spent in this place.
 C = Inter-level travel time spent in this place.
 D = Time resting spent in this place.
 E = Time spent auto-exploring this place.
 F = Levels seen in this place.
 G = Mean time per level.
                   A        B        C        D        E       F      G
               +--------+--------+--------+--------+--------+-----+--------+
         Total |    781 |    781 |      0 |    461 |    268 |   1 |  781.0 |
       Dungeon |    781 |    781 |      0 |    461 |    268 |   1 |  781.0 |
               +--------+--------+--------+--------+--------+-----+--------+

Top non-repeatable levels by time:
     D:1: 781 daAuts
